Map: Terraform LE (Void)

Players

WinD

  • Race: Zerg Zerg
  • League: Diamond

xKawaiian - Winner!

  • Race: Terran Terran
  • League: Diamond

VOD

Have the link to the VOD?

Description

Time

  • Played on: Oct. 20, 2015, 4:49 p.m.
  • Length: 31:30
Show
View Real Time Build Order
Export as new Build Order

WinD Zerg 

Build Orders: Hatch First, Muta Ling Bane 

Get SALT Encoding   

  12  0:02  Drone  
  13  0:15  Overlord  
  13  0:20  Drone  
  14  0:34  Drone x2  
  16  0:50  Hatchery  
  16  0:54  Drone  
  16  0:55  Drone  
  17  1:01  Drone  
  18  1:15  Spawning Pool  
  17  1:20  Drone  
  17  1:21  Drone  
  19  1:31  Extractor, Drone  
  19  1:44  Drone  
  20  1:53  Drone  
  21  2:03  Queen  
  23  2:08  Queen  
  23  2:10  Zergling x4  
  23  2:12  Drone  
  28  2:19  Overlord  
  28  2:29  Hatchery  
  27  2:38  Drone x2  
  27  2:43  Drone  
  29  2:45  Drone  
  29  2:49  Drone  
  31  2:57  Drone x2  
  33  3:05  Metabolic Boost  
  33  3:09  Queen  
  33  3:16  Queen  
  35  3:23  Overlord  
  35  3:43  Drone x10  
  35  3:47  Extractor  
  43  3:50  Drone  
  44  3:58  Baneling Nest  
  44  3:59  Evolution Chamber  
  42  4:05  Drone x2  
  42  4:06  Drone  
  42  4:08  Baneling Nest  
  44  4:19  Lair  
  44  4:22  Queen  
  44  4:23  Drone x2  
  48  4:24  Drone  
  48  4:30  Overlord  
  49  4:31  Overlord  
  47  4:39  Extractor  
  47  4:41  Zergling x6  
  50  4:46  Spine Crawler  
  50  4:50  Drone  
  50  4:51  Drone x4  
  54  4:53  Drone  
  54  4:59  Drone x2  
  57  5:09  Extractor  
  56  5:17  Evolution Chamber  
  55  5:31  Zergling x2  
  55  5:33  Overlord x4, Spire  
  55  5:34  Centrifical Hooks  
  55  5:36  Extractor  
  54  5:52  Drone x12  
  54  5:56  Zergling x4  
  68  6:00  Zergling x2  
  68  6:01  Zergling x10  
  74  6:06  Zergling x2  
  74  6:07  Zergling x4  
  75  6:14  Zerg Ground Armor Level 1  
  75  6:15  Zerg Melee Weapons Level 1  
  75  6:19  Extractor, Drone x3  
  75  6:20  Extractor  
  75  6:27  Baneling x3  
  75  6:28  Baneling  
  75  6:38  Baneling  
  75  6:39  Baneling  
  75  6:42  Overseer  
  75  6:44  Overseer  
  75  6:46  Pneumatized Carapace  
  75  6:47  Zerg Flyer Weapons Level 1  
  75  6:51  Drone  
  75  6:52  Drone x6  
  82  6:54  Overlord  
  82  7:03  Hatchery  
  82  7:08  Zergling x2  
  82  7:10  Baneling x11  
  82  7:18  Zergling x16  
  85  7:42  Zergling x2, Overlord x4  
  78  7:51  Zergling x16  
  82  8:00  Mutalisk x7  
  93  8:10  Mutalisk x2  
  92  8:14  Mutalisk x2  
  92  8:15  Mutalisk  
  96  8:23  Baneling x4  
  96  8:32  Mutalisk  
  96  8:40  Zergling x2  
  96  8:41  Zergling x18  
  106  8:42  Baneling  
  106  8:43  Baneling x7  
  104  8:50  Baneling x2  
  104  8:53  Drone  
  104  8:54  Drone x2  
  107  8:58  Zerg Melee Weapons Level 2  
  107  9:10  Zerg Ground Armor Level 2  
  107  9:13  Zergling x12  
  107  9:16  Extractor  
  112  9:19  Extractor  
  112  9:20  Baneling x2  
  111  9:25  Zergling x10  
  114  9:35  Zergling x14  
  105  9:52  Zergling x20  
  109  9:53  Zergling x4  
  109  9:57  Drone x2  
  109  10:15  Zergling x8  
  109  10:19  Zergling x6  
  111  10:24  Overlord  
  111  10:25  Overlord x2  
  105  10:36  Mutalisk x2  
  105  10:37  Mutalisk  
  105  10:41  Overlord  
  105  10:42  Overlord x3  
  110  10:48  Infestation Pit  
  109  10:50  Drone x6  
  109  10:51  Drone  
  116  11:01  Mutalisk x4  
  124  11:05  Overseer  
  124  11:07  Baneling x5  
  124  11:08  Baneling  
  124  11:09  Baneling x2  
  124  11:10  Baneling x2  
  124  11:11  Baneling  
  124  11:14  Baneling  
  124  11:15  Baneling x5  
  124  11:19  Zergling x6  
  106  11:38  Zergling x28  
  118  11:46  Zergling x10  
  110  11:51  Drone  
  110  11:52  Drone  
  106  11:59  Baneling  
  106  12:00  Baneling x8, Mutalisk x3  
  112  12:13  Drone  
  112  12:14  Drone x4  
  117  12:20  Overseer  
  117  12:26  Zergling x26  
  114  12:43  Mutalisk x4  
  110  13:06  Infestation Pit  
  110  13:11  Mutalisk  
  110  13:12  Mutalisk x7  
  125  13:14  Hatchery  
  124  13:33  Zergling x26  
  117  13:42  Mutalisk x3  
  115  13:49  Zergling x8  
  115  13:56  Hive  
  115  14:01  Baneling x7  
  115  14:04  Zergling x8  
  117  14:22  Zergling x2  
  117  14:23  Zergling x8  
  122  14:30  Baneling x11  
  121  14:32  Hatchery  
  120  14:46  Drone  
  120  14:47  Drone x6  
  127  15:00  Swarm Host  
  127  15:01  Zergling x10  
  127  15:06  Extractor  
  134  15:18  Zergling x4  
  134  15:19  Zergling x16  
  140  15:25  Ultralisk Cavern  
  134  15:36  Zergling x18  
  143  15:44  Baneling  
  143  15:45  Baneling x7  
  143  15:59  Drone x2  
  142  16:16  Ultralisk x3  
  142  16:17  Chitinous Plating  
  147  16:20  Zergling x2  
  147  16:21  Zergling x2  
  143  16:38  Overlord x4  
  129  16:46  Overlord  
  129  16:47  Overlord x2  
  119  16:57  Ultralisk x2  
  123  17:03  Zergling x16  
  119  17:18  Ultralisk  
  119  17:20  Baneling x5  
  124  17:33  Zergling x18  
  124  17:34  Zergling x2  
  134  17:44  Ultralisk  
  134  17:50  Extractor  
  139  17:51  Spine Crawler  
  139  17:52  Drone x2  
  136  18:15  Zergling x30  
  118  18:58  Corruptor x5  
  118  19:02  Zergling x26  
  139  19:09  Extractor  
  137  19:10  Extractor  
  129  19:23  Ultralisk  
  130  19:32  Baneling x2  
  130  19:43  Drone  
  130  19:44  Drone x4  
  135  19:50  Ultralisk  
  141  19:54  Lair  
  141  20:02  Overlord x3  
  141  20:08  Evolution Chamber x2  
  141  20:13  Zergling x10  
  138  20:15  Baneling x3  
  135  20:27  Zergling x12  
  127  20:38  Corruptor x2  
  131  20:50  Baneling x5  
  131  20:51  Baneling  
  131  21:00  Drone  
  131  21:01  Drone x2  
  131  21:02  Drone x2  
  137  21:04  Drone  
  137  21:05  Drone  
  137  21:07  Hatchery  
  137  21:17  Overseer x3  
  137  21:20  Overseer  
  137  21:21  Overseer  
  133  21:29  Spawning Pool  
  133  21:30  Pathogen Glands  
  132  21:53  Corruptor x3  
  138  21:59  Ultralisk  
  150  22:01  Ultralisk  
  147  22:16  Zergling x8  
  151  22:28  Hive  
  151  22:30  Infestor  
  151  22:31  Infestor x2  
  148  22:49  Ultralisk  
  148  22:51  Zergling x18  
  140  23:14  Infestor  
  134  23:20  Zergling x6  
  134  23:21  Zergling x2  
  130  23:45  Zergling x8  
  130  23:46  Spawning Pool  
  133  23:58  Infestor  
  134  24:06  Drone x3  
  134  24:08  Extractor, Drone  
  128  24:11  Extractor  
  128  24:13  Drone x2  
  127  24:21  Overlord x3  
  103  24:42  Ultralisk  
  107  24:51  Zergling x16  
  96  25:03  Drone x2  
  96  25:04  Drone  
  92  25:14  Adrenal Glands  
  89  25:28  Infestor  
  63  25:43  Zergling x16  
  71  25:56  Ultralisk  
  77  26:16  Zergling x8  
  72  26:36  Overseer  
  72  26:37  Overseer  
  72  26:39  Infestor  
  74  26:45  Zergling x6  
  74  26:48  Drone  
  69  27:01  Infestor  
  71  27:13  Infestor  
  73  27:29  Zergling x4  
  67  27:52  Infestor  
  58  28:21  Spawning Pool  
  41  29:23  Zergling x6  
  44  29:30  Hatchery  
  42  29:32  Queen  
  42  29:35  Zergling x4  
  46  29:43  Zergling x6  
  42  30:07  Zergling x2  
  43  30:39  Hatchery  
Show
View Real Time Build Order
Export as new Build Order

xKawaiian Terran - Winner!

Build Orders: Reaper Expand, Bio Mine 

Get SALT Encoding   

  12  0:01  SCV  
  13  0:13  SCV  
  14  0:18  Supply Depot  
  14  0:25  SCV  
  15  0:39  SCV  
  15  0:41  Barracks  
  16  0:46  Refinery  
  16  0:52  SCV  
  17  1:04  SCV  
  18  1:16  SCV  
  19  1:29  Orbital Command, Reaper  
  20  1:42  Command Center  
  20  1:52  Supply Depot  
  20  1:55  SCV  
  21  2:02  Barracks Reactor  
  21  2:07  SCV  
  22  2:24  Command Center  
  22  2:26  SCV  
  23  2:44  Factory  
  23  2:45  Marine x2  
  23  2:48  SCV  
  25  3:03  Marine x2  
  27  3:09  Orbital Command  
  27  3:17  Bunker  
  27  3:19  SCV  
  28  3:31  SCV  
  29  3:36  Hellion x2  
  29  3:38  Orbital Command  
  33  3:44  SCV, Barracks Tech Lab  
  33  3:46  SCV  
  35  3:56  SCV  
  35  3:57  Starport  
  35  3:58  Hellion  
  35  4:00  Hellion  
  35  4:01  SCV  
  41  4:04  SCV  
  41  4:06  Marine  
  43  4:11  SCV  
  43  4:13  Stimpack  
  44  4:17  SCV x2  
  44  4:18  Barracks  
  44  4:22  Barracks  
  44  4:23  SCV  
  47  4:25  Marauder  
  47  4:29  Refinery  
  47  4:30  SCV  
  47  4:31  SCV  
  51  4:38  SCV  
  51  4:39  Starport Reactor  
  51  4:42  SCV  
  51  4:44  SCV  
  54  4:46  Refinery  
  54  4:47  Refinery  
  54  4:52  SCV  
  55  4:54  SCV  
  55  4:55  Engineering Bay x2  
  56  5:02  Orbital Command  
  56  5:04  SCV  
  56  5:07  Barracks Reactor, Barracks x2  
  57  5:09  Barracks Reactor  
  57  5:10  Hellion  
  59  5:15  SCV  
  60  5:25  Terran Infantry Weapons Level 1, Terran Infantry Armor Level 1  
  60  5:26  Marine  
  61  5:37  Supply Depot  
  61  5:39  Supply Depot  
  61  5:54  Supply Depot  
  61  5:55  Supply Depot  
  61  5:58  Medivac, SCV x3, Marine x3  
  61  6:01  Hellion x2  
  73  6:05  Bunker, Barracks Reactor x2  
  73  6:06  Medivac  
  73  6:10  SCV x3  
  77  6:14  Combat Shields  
  77  6:18  Marine x2  
  79  6:20  Marine x2  
  79  6:22  SCV  
  79  6:23  SCV  
  79  6:24  Armory  
  83  6:27  SCV  
  84  6:34  SCV  
  84  6:35  SCV  
  84  6:36  Medivac x2, Marine x2  
  84  6:39  Missile Turret  
  92  6:41  SCV  
  92  6:46  Supply Depot  
  93  6:48  Supply Depot  
  93  6:54  Supply Depot  
  93  7:07  SCV x3, Marine x4  
  100  7:13  Marine  
  100  7:14  Marine x2  
  100  7:15  Widow Mine x2  
  103  7:18  Supply Depot  
  103  7:19  SCV, Marine x2  
  110  7:31  Medivac  
  110  7:32  Medivac  
  110  7:40  Command Center  
  110  7:43  Widow Mine x2  
  101  7:56  Barracks x2  
  101  7:57  Marine x2  
  101  7:58  Factory  
  101  8:01  Medivac, Marine x4  
  101  8:02  Medivac, Terran Infantry Weapons Level 2  
  108  8:12  Widow Mine  
  105  8:18  Marauder  
  105  8:19  Marine  
  108  8:26  Marine x3  
  111  8:31  Medivac, SCV x2  
  111  8:32  Refinery  
  111  8:33  Missile Turret  
  111  8:34  Marine x3  
  111  8:35  Missile Turret  
  111  8:37  Refinery, Supply Depot x2  
  111  8:40  Marauder  
  109  8:42  Marine x2  
  109  8:44  Marine x2, Barracks Reactor  
  109  8:45  Barracks Reactor  
  111  8:48  Marine  
  111  8:52  Marine x2, Factory Tech Lab  
  114  9:00  Terran Infantry Armor Level 2  
  114  9:01  Marauder  
  114  9:02  Marine x2, Terran Ship Weapons Level 1  
  118  9:04  Medivac  
  118  9:06  SCV x2  
  122  9:22  Missile Turret  
  120  9:24  Missile Turret  
  120  9:25  Widow Mine x2, Marine x3  
  120  9:27  Missile Turret  
  118  9:31  Marine  
  118  9:32  Marine x3  
  118  9:33  Marine  
  118  9:35  Marine x4  
  118  9:36  Medivac  
  126  9:50  Marine x2  
  126  9:51  Widow Mine, Marine x3  
  118  9:53  Widow Mine, Drilling Claws  
  118  9:57  Orbital Command  
  117  10:02  Marine  
  117  10:03  Widow Mine  
  115  10:09  Marine x2  
  117  10:14  Marine x2  
  117  10:20  Widow Mine  
  112  10:24  Marine  
  112  10:25  Marine x8  
  112  10:27  Marine x2  
  116  10:32  Marine x2  
  93  10:42  Marine  
  90  10:43  SCV, Marine x8  
  90  10:44  SCV x2  
  90  10:45  Marine x2  
  104  10:50  Marine  
  104  10:55  SCV  
  104  10:56  SCV  
  107  10:58  Planetary Fortress  
  107  11:00  SCV  
  108  11:04  Marine x4  
  108  11:06  Marine  
  108  11:07  SCV, Marine  
  108  11:08  SCV  
  116  11:12  SCV  
  116  11:19  SCV  
  116  11:20  SCV  
  116  11:23  Widow Mine x2, Marine x2  
  116  11:24  SCV  
  112  11:36  SCV x3  
  115  11:43  Marine x2  
  115  11:45  Marine  
  115  11:46  Medivac x2, Missile Turret  
  113  11:47  Missile Turret  
  113  11:48  SCV  
  113  11:50  Marine  
  113  11:51  Missile Turret  
  111  11:54  Marine x2  
  111  11:56  Marine x3  
  111  11:57  Terran Infantry Weapons Level 3  
  116  12:01  Marine x2  
  118  12:16  Medivac x2  
  118  12:17  Command Center  
  110  12:39  Widow Mine, Marine x5  
  110  12:40  Marine x2, Marauder  
  111  12:44  Marine x4  
  111  12:50  Marine  
  113  12:54  Thor  
  113  12:56  Marine  
  113  12:57  Marine x2  
  120  13:02  SCV  
  120  13:03  SCV  
  119  13:10  Marine  
  119  13:11  Widow Mine x2, Marine x4  
  124  13:17  Marine x3  
  124  13:18  Marine x3  
  125  13:20  Marine  
  116  13:40  Widow Mine, Thor  
  106  13:42  Marine x4  
  104  13:49  Marine  
  104  13:50  Marine  
  104  13:51  Widow Mine  
  104  13:52  Marine x4  
  106  13:57  Planetary Fortress  
  106  14:00  Medivac  
  106  14:01  Medivac  
  108  14:09  Widow Mine  
  110  14:23  Widow Mine, Thor  
  110  14:24  Marine x3  
  118  14:27  Marine  
  118  14:28  Marine x5  
  118  14:31  Marine x3  
  129  14:33  Supply Depot x4  
  129  14:35  Supply Depot  
  129  14:37  Command Center, Widow Mine  
  133  14:38  SCV  
  133  14:43  Medivac x2, Marine  
  133  14:44  Marine  
  139  14:53  Widow Mine, Marine x3  
  139  14:57  Marine x2  
  139  14:58  Marine  
  139  14:59  Marine x4  
  150  15:06  Widow Mine  
  153  15:09  SCV  
  148  15:26  SCV x2  
  147  15:31  Marine x3  
  147  15:32  Marine x3  
  147  15:35  Medivac x2  
  153  15:36  Widow Mine x2  
  157  15:44  Marine x2  
  157  15:45  Marine x2  
  161  15:51  Widow Mine  
  161  15:52  Marine x4, Marauder  
  169  15:59  Planetary Fortress  
  169  16:02  Missile Turret  
  169  16:04  Marine x2  
  169  16:05  Medivac x2, Widow Mine  
  174  16:14  Marine x2  
  156  16:24  Marine x2  
  151  16:27  Marine x2  
  148  16:37  Marine x2  
  152  16:40  Marine x2  
  152  16:41  Marine  
  152  16:46  Marine x2  
  152  16:47  SCV, Marine x2  
  135  16:54  Marine x2  
  135  16:55  Marine  
  135  17:01  Marine  
  118  17:08  Starport  
  118  17:12  Marine  
  118  17:13  Marauder  
  111  17:16  Starport Tech Lab  
  111  17:18  SCV x4  
  115  17:30  Orbital Command, Marine, Liberator  
  115  17:31  Liberator  
  115  17:32  Thor  
  115  17:34  Marauder  
  120  17:58  Liberator  
  120  18:03  SCV x3  
  122  18:14  Missile Turret  
  122  18:16  Missile Turret x2  
  122  18:18  Missile Turret  
  123  18:28  Marine x2  
  123  18:29  Marauder  
  123  18:31  Marine  
  128  18:37  Marine  
  127  18:43  Liberator  
  123  18:50  Marauder  
  123  18:52  Marine x2  
  99  18:59  Supply Depot  
  99  19:00  Supply Depot  
  91  19:07  Unknown  
  91  19:08  Marine  
  92  19:11  Marauder  
  88  19:17  Orbital Command  
  88  19:33  Liberator, Marauder  
  90  19:39  Orbital Command  
  90  19:41  Marine  
  92  19:54  Marauder  
  92  19:56  Terran Ship Weapons Level 2  
  94  20:04  SCV x2  
  96  20:13  Marine  
  96  20:14  Marine x2  
  98  20:15  Medivac x2, Liberator  
  98  20:16  Marauder  
  98  20:28  Liberator  
  92  20:29  Marine x2  
  92  20:33  SCV  
  92  20:34  SCV x2  
  100  20:37  Marauder  
  100  20:41  Missile Turret  
  100  20:42  Marine x3  
  105  20:45  SCV  
  105  20:46  SCV  
  105  20:47  Liberator  
  105  20:48  Refinery x2  
  110  20:53  Marine  
  111  20:58  Liberator, Marauder  
  111  21:01  Marine x2  
  115  21:05  Widow Mine  
  115  21:06  Marine  
  115  21:08  SCV  
  122  21:13  Refinery  
  122  21:17  Refinery  
  122  21:18  Marine  
  121  21:20  Marine x2, Marauder  
  121  21:25  Marine x3  
  125  21:30  SCV  
  129  21:33  Refinery  
  129  21:36  Refinery  
  129  21:41  Marauder  
  131  21:52  Marine x3  
  134  21:56  Marine x2  
  134  21:57  Marine x2  
  134  21:59  Medivac x2, Marine x2  
  134  22:00  Marine x2  
  146  22:03  Widow Mine  
  148  22:10  Widow Mine  
  149  22:31  Supply Depot  
  149  22:33  Supply Depot  
  149  22:38  Liberator x2  
  149  22:46  Marine x2  
  149  22:47  Marine x2  
  149  22:48  Marine, Marauder  
  142  22:54  Marine x2  
  122  23:07  Marine x3  
  122  23:08  Marine x2  
  122  23:09  Marine x2, Thor  
  131  23:17  Marine x4  
  114  23:22  Liberator x2  
  114  23:27  Marine x2  
  113  23:32  Marine  
  104  23:40  Marine, Marauder  
  102  23:49  Marine  
  102  23:52  Marine x2  
  102  23:55  Marine x2  
  107  23:57  Marine x2  
  107  23:59  Liberator  
  107  24:02  Marine x2, Marauder  
  110  24:05  Liberator  
  100  24:15  Marine  
  100  24:16  Marine x2  
  107  24:26  Marine  
  107  24:37  Marine  
  80  24:38  Marine x3  
  80  24:39  Marine x2  
  80  24:40  Marine  
  80  24:41  Widow Mine  
  80  24:42  Widow Mine  
  80  24:45  Marine x2, Marauder  
  80  24:51  Marine x2  
  77  24:54  Marine  
  77  24:55  Marine  
  77  24:56  Marine  
  69  25:05  Marine  
  69  25:06  Marauder  
  70  25:11  Marine x2  
  70  25:12  Marine  
  70  25:13  Marine x3  
  66  25:14  Orbital Command  
  66  25:15  Marine x2  
  66  25:16  Marine  
  66  25:18  Marine  
  69  25:28  Marauder  
  61  25:45  Marine x4  
  61  25:46  Medivac  
  61  25:47  SCV  
  61  25:49  Marauder  
  68  25:52  SCV  
  69  26:00  Marine  
  70  26:04  SCV  
  70  26:09  Marine x2  
  70  26:11  Marauder  
  75  26:18  Marine x4  
  68  26:33  Marine  
  68  26:34  Marauder  
  68  26:35  Medivac x2  
  75  26:40  Marine x5  
  80  26:52  Medivac  
  78  26:57  SCV  
  79  27:07  Marine x6  
  79  27:08  Marine  
  86  27:09  SCV  
  87  27:19  SCV  
  87  27:21  SCV, Marauder  
  91  27:31  SCV  
  91  27:33  SCV  
  91  27:36  Marine x2  
  95  27:40  Marine  
  95  27:42  Marauder  
  95  27:43  SCV  
  95  27:45  SCV  
  95  27:49  Marine x3  
  98  28:01  Marine x2  
  98  28:04  Marauder  
  102  28:09  Marine x3  
  102  28:10  Marine x2  
  102  28:11  Marine x2  
  87  28:15  Marine  
  88  28:22  Marine x3  
  88  28:25  Marauder  
  93  28:32  Medivac x2, Marine x2  
  94  28:35  Marine  
  94  28:37  Marine  
  95  28:46  Marine x2, Marauder  
  95  28:47  Marine  
  95  28:48  Marine x2  
  97  29:10  Medivac x2  
  97  29:17  SCV  
  90  29:30  Marine x4  
  94  29:34  Marine  
  95  29:42  Marine x3  
  98  29:55  SCV  
  98  29:56  SCV  
  99  30:12  Marine x2  
  99  30:13  Marauder  
  94  30:25  Medivac, Marine  
  96  30:30  Marine x2  
  96  30:31  Medivac  
  96  30:34  Marauder  
  101  30:45  Marine x2  
  100  30:55  Marauder  
  102  30:58  Marine  
Tags
 
Add a new tag
Caveats
  • Supply blocks, unpowered buildings, or Contaminate may cause inaccurate times.
  • Supply counts are checked every 10 seconds.